[Event "*** Titled Tuesday 3|2 Blitz"]
[Site "Chess.com"]
[Date "2016.07.05"]
[Round "3"]
[White "PowerThinking2650"]
[Black "oggy1984"]
[Result "0-1"]
[WhiteElo "2131"]
[BlackElo "2304"]
[TimeControl "180+2"]
[EndTime "11:36:17 PDT"]
[Termination "oggy1984 won on time"]

1. e4 c6 2. d4 d5 3. Nc3 dxe4 4. Nxe4 Nf6 5. Nxf6+ exf6 6. c3 Bd6 7. Bd3 O-O 8. Qc2 Re8+ 9. Ne2 h6 10. O-O Qc7 11.
Ng3 h5 12. Rd1 h4 13. Nf1 h3 14. g3 Bg4 15. Bf5 Bxd1 16. Qxd1 Nd7 17. Qg4 Nf8 18. Qxh3 Re1 19. Rb1 Rae8 20. Be3 Rxb1 21. Bxb1 Qb6 22. b4 a5 23. a3 axb4 24. axb4 Qa6 25. Qf5 Qa1 26. Qd3 Qb2 27. Nd2 Bc7 28. Nc4 Qa1 29.
Kg2 g6 30. h4 f5 31. Bc2 Qa8 32. Bb3 Ne6 33. f4 Qa1 34. h5 Kg7 35. Nd2 Rh8 36.
Bxe6 fxe6 37. d5 Rxh5 38. Qd4+ Kh7 39. Bg1 Qa2 40. d6 Bd8 41. c4 g5 42. Bf2 gxf4 43. gxf4 Rh6 44. d7 Rg6+ 45. Kf1 Rg7 46. Nf3 Qb1+ 47. Ke2 Qc2+ 48. Ke3 Qe4+ 49. Qxe4 fxe4 50. Ne5 Bf6 51. Kxe4 Bxe5 52. Kxe5 Rxd7 53. Bc5 Rf7 54. Kxe6 Rxf4 55. b5 Rxc4 0-1

[Event "*** Titled Tuesday 3|2 Blitz"]
[Site "Chess.com"]
[Date "2016.07.05"]
[Round "3"]
[White "Astaneh"]
[Black "sorito"]
[Result "1-0"]
[WhiteElo "2470"]
[BlackElo "2302"]
[TimeControl "180+2"]
[EndTime "11:36:21 PDT"]
[Termination "Astaneh won by resignation"]

1. d4 Nf6 2. c4 e6 3. Nf3 Bb4+ 4. Nbd2 O-O 5. a3 Bxd2+ 6. Qxd2 b6 7. e3 Bb7 8. b4 d5 9. c5 a5 10. b5 c6 11.
cxb6 Qxb6 12. a4 cxb5 13. axb5 Nbd7 14. Ba3 Rfc8 15. Qb2 a4 16. Bd3 Ne4 17. O-O Nd6 18.
Rfc1 Nc4 19. Bxc4 dxc4 20. Nd2 c3 21. Rxc3 Rxc3 22. Qxc3 Qxb5 23. Rb1 Qc6 24. Qxc6 Bxc6 25. f3 Rb8 26. Rxb8+ Nxb8 27. Kf2 f6 28. Ke2 Bb5+ 29. Kd1 Nc6 30. Kc2 Kf7 31. Kc3 g5 32. Ne4 Bf1 33.
g3 Bg2 34. Nd6+ Kg6 35. f4 h6 36. e4 Bf1 37. f5+ exf5 38. Nxf5 Bg2 39. Kd3 Bf1+ 40. Ke3 Na5 41. Nd6 h5 42. d5 Ba6 43. Bb4 Nc4+ 44. Nxc4 Bxc4 45. Kd4 Be2 46. e5 fxe5+ 47. Kxe5 Kf7 48. Kf5 g4 49. Kg5 Bf3 50. d6 Ke6 51. Kxh5 Bd1 52. Kh4 Kd7 53. Ba3 Be2 54. h3 gxh3 55. Kxh3 Ke6 56. Kh4 Bb5 57. Kg5 Kf7 58. Kh5 Bd7 59. Kg5 Kg7 60. Bb2+ Kf7 61. Kh5 Bf5 62. g4 Bd7 63. g5 Be8 64. Kh6 Kg8 65. g6 Bd7 66. Kg5 Bc6 67. Kf6 Bb5 68.
Ke7 a3 69. Ba1 a2 70. d7 Bxd7 71. Kxd7 Kf8 72. Kc6 Ke7 73. Kb5 Kf8 74. Ka4 Kg8 75.
Kb3 Kf8 76. Kxa2 1-0

[Event "*** Titled Tuesday 3|2 Blitz"]
[Site "Chess.com"]
[Date "2016.07.05"]
[Round "3"]
[White "StoreySniper"]
[Black "rikyshi"]
[Result "0-1"]
[WhiteElo "2340"]
[BlackElo "2123"]
[TimeControl "180+2"]
[EndTime "11:36:37 PDT"]
[Termination "rikyshi won by checkmate"]

1. e4 e6 2. Qe2 c5 3. g3 Nc6 4.
Bg2 g6 5. Nf3 Bg7 6. d3 Nge7 7. O-O O-O 8. Re1 d6 9. Nbd2 b6 10. Nf1 Bb7 11. h4 h5 12. Bg5 Bxb2 13. N1h2 Bxa1 14. Rxa1 f6 15. Bh6 Rf7 16. Bh3 Bc8 17. Kh1 Kh7 18. Bd2 d5 19. e5 Nxe5 20. Nxe5 fxe5 21. Nf3 Rxf3 22. Qxf3 Nf5 23. Bxf5 exf5 24.
Qe3 Qe7 25. Qh6+ Kg8 26. Qxg6+ Qg7 27. Qe8+ Kh7 28. Qxh5+ Kg8 29. Bh6 Qf7 30. Qg5+ Kh7 31. Re1 e4 32. Qf4 Bb7 33. Bg5 Rg8 34. Kg1 Qg6 35.
dxe4 fxe4 36. a4 Rg7 37. a5 Qf7 38. Qg4 d4 39. Rxe4 Bxe4 40. Qxe4+ Qg6 41. Qg4 bxa5 42.
f4 Rf7 43. Qe2 Rb7 44. h5 Qc6 45. Kh2 a4 46. Qd3+ Kg8 47. Qc4+ Rf7 48. h6 Qe4 49. h7+ Qxh7+ 50. Kg1 Qh3 51. Qd3 Qe6 52. Qb5 Qe1+ 53. Kg2 Qd2+ 54. Kf3 Qe3+ 55. Kg4 Qe6+ 56. Kf3 Qd5+ 57. Kg4 Qe6+ 58. Kf3 Qd7 59. Qb8+ Kh7 60. Qe5 Qb7+ 61. Kg4 a3 62. Kh5 Qc6 63. g4 Qh1+ 64. Bh4 Qc6 65. Qg5 a2 66. f5 a1=Q 67. f6 Qxf6 68.
Qxc5 Qg6# 0-1

[Event "*** Titled Tuesday 3|2 Blitz"]
[Site "Chess.com"]
[Date "2016.07.05"]
[Round "3"]
[White "Schemato"]
[Black "hypert"]
[Result "1-0"]
[WhiteElo "2199"]
[BlackElo "2303"]
[TimeControl "180+2"]
[EndTime "11:36:38 PDT"]
[Termination "Schemato won by resignation"]

1. c4 e5 2. g3 Nf6 3. Bg2 d5 4. cxd5 Nxd5 5. Nf3 Nc6 6. O-O Nb6 7. d3 Be7 8. a3 O-O 9. Nbd2 Re8 10. b4 Bf8 11. Bb2 a5 12. b5 Nd4 13. Nc4 f6 14. Nxb6 cxb6 15. e3 Nxf3+ 16. Bxf3 a4 17. Qc2 Bh3 18.
Rfd1 Qd7 19. d4 exd4 20. Rxd4 Qxb5 21. Bd5+ Be6 22. Be4 f5 23. Bxb7 Rad8 24. Rc1 Rxd4 25. Bxd4 Bd5 26. Bxd5+ Qxd5 27. Qc4 Qxc4 28. Rxc4 b5 29. Rc7 Bxa3 30. Rxg7+ Kf8 31. Rxh7 Bd6 32. Rd7 Be7 33. Ra7 Rb8 34. Kf1 a3 35. Ke2 b4 36.
Be5 Rc8 37. Kd3 b3 38. Rb7 b2 39. Bxb2 axb2 40. Rxb2 Rd8+ 41. Ke2 Kf7 42. Kf3 Kg6 43. h4 Bf6 44. Rb6 Rh8 45. Kf4 Rh7 46. f3 Rh8 47. e4 fxe4 48. fxe4 Kf7 49. e5 Be7 50. Rc6 Ra8 51. Kf5 Ra3 52. Rg6 Rf3+ 53. Ke4 Rf1 54. h5 Ba3 55. g4 Bb2 56. e6+ Ke7 57.
h6 Rh1 58. g5 Rh5 59. Kf5 Rh1 60. Rg7+ Kf8 61. e7+ Ke8 62. Kg6 Re1 63. h7 Bxg7 64. Kxg7 Rxe7+ 65. Kg8 Kd7 66. g6 Ke6 67. h8=Q Re8+ 68. Kg7 Rxh8 69. Kxh8 Kf6 70. g7 1-0

[Event "*** Titled Tuesday 3|2 Blitz"]
[Site "Chess.com"]
[Date "2016.07.05"]
[Round "3"]
[White "Saitama_Hero"]
[Black "oskariot"]
[Result "0-1"]
[WhiteElo "2102"]
[BlackElo "2271"]
[TimeControl "180+2"]
[EndTime "11:36:39 PDT"]
[Termination "oskariot won by resignation"]

1. d4 Nf6 2. c4 c5 3. d5 b5 4.
cxb5 a6 5. b6 e6 6. Nc3 Nxd5 7.
Nxd5 exd5 8. Qxd5 Nc6 9. e4 Be7 10. Bc4 O-O 11. Nf3 Rb8 12. O-O Rxb6 13. Qh5 d6 14. Rd1 Be6 15. Bxe6 fxe6 16. b3 Bf6 17. Rb1 Nd4 18. Be3 Nxf3+ 19. Qxf3 Bd4 20. Qh3 Qf6 21. Bxd4 cxd4 22. Rd2 Rc6 23. Qd3 e5 24. Rc2 Rfc8 25. Rbc1 Qf4 26. g3 Qxc1+ 27. Rxc1 Rxc1+ 28. Kg2 R8c6 29. b4 R1c3 30. Qd1 Rc8 31. a4 Rf8 32. b5 axb5 33.
axb5 d3 34. b6 Rc2 35. Qxd3 Rfxf2+ 36. Kh3 h5 37. Kh4 Rxh2+ 38. Kg5 Kh7 39. Qxd6 Rhg2 40. Qg6+ Kg8 41. Qe8+ Kh7 42. Qxh5+ Kg8 43. Qe8+ Kh7 44. Qxe5 Rb2 45. Qd6 Rb3 46. Qg6+ Kh8 47. Qh5+ Kg8 48.
Qe8+ Kh7 49. Qg6+ Kh8 50. Kf5 Rgxg3 51. Qh5+ Kg8 52. Qe8+ Kh7 53. Qe6 Rgf3+ 54. Ke5 Rb5+ 55. Kd4 Rb4+ 56. Kc5 Rfb3 57. Qf5+ Kg8 58. Qd5+ Kh7 59.
Qh5+ Kg8 60. e5 Rxb6 61. Kd5 R3b5+ 62. Ke4 Rb4+ 63. Kf5 g6+ 64. Qxg6+ Rxg6 65. Kxg6 Kf8 0-1

[Event "*** Titled Tuesday 3|2 Blitz"]
[Site "Chess.com"]
[Date "2016.07.05"]
[Round "3"]
[White "LazovT"]
[Black "SmoothAsAHedgehog"]
[Result "1-0"]
[WhiteElo "2293"]
[BlackElo "2508"]
[TimeControl "180+2"]
[EndTime "11:37:03 PDT"]
[Termination "LazovT won by resignation"]

1. d4 Nf6 2. Nf3 e6 3. g3 b5 4. Bg2 Bb7 5. Bf4 Be7 6. O-O O-O 7. Re1 a5 8. a4 b4 9. Nbd2 c5 10. Nc4 d5 11. Nce5 Nc6 12. Nxc6 Bxc6 13. c3 Qb6 14. cxb4 Qxb4 15. Ne5 Rfc8 16. dxc5 Bxc5 17. Nd3 Qb6 18.
Nxc5 Qxc5 19. Rc1 Qb4 20. b3 Bb7 21. Qd2 Qb6 22. Be3 Qd8 23. Red1 Nd7 24. Bd4 h6 25.
e3 Rab8 26. Qb2 f6 27. b4 axb4 28. Qxb4 Ne5 29. Rxc8 Qxc8 30. Bxe5 fxe5 31. Rb1 Kh7 32. a5 Qc6 33. Qb6 Qxb6 34. Rxb6 Ra8 35. Rxb7 Rxa5 36. Re7 Ra6 37. Bh3 Ra1+ 38. Kg2 d4 39. Rxe6 dxe3 40.
Rxe5 exf2 41. Kxf2 Kg6 42. Re6+ Kf7 43. Re2 Ra3 44. Bg4 g6 45. Bf3 Kf6 46. h3 h5 47.
Be4 Ra6 48. Kf3 Rb6 49. Rc2 Rb3+ 50. Kf2 h4 51. Bf3 hxg3+ 52. Kxg3 g5 53. Rc6+ Kg7 54. Kg4 Rb5 55. Rc7+ Kf6 56. Rc6+ Kg7 57. Kh5 Re5 58. Bg4 Kf7 59. Kh6 Ra5 60. Bh5+ Ke7 61. Kg6 Kd7 62. Rf6 Ke7 63. Bg4 Re5 64. Rf5 Rxf5 65.
Bxf5 Kf8 66. Be6 Ke7 67. Bf7 Kf8 68. Bb3 Ke7 69. Kxg5 Kf8 70. Kg6 Ke7 71. Kg7 Kd6 72. h4 Ke5 73. h5 Kf5 74. h6 1-0

[Event "*** Titled Tuesday 3|2 Blitz"]
[Site "Chess.com"]
[Date "2016.07.05"]
[Round "3"]
[White "BillieKimbah"]
[Black "ZapataCharlesS"]
[Result "1/2-1/2"]
[WhiteElo "2516"]
[BlackElo "2455"]
[TimeControl "180+2"]
[EndTime "11:37:24 PDT"]
[Termination "Game drawn by agreement"]

1. c4 e5 2. Nc3 Nc6 3. g3 Nf6 4. Bg2 Bb4 5. Nd5 O-O 6. Nf3 Nxd5 7. cxd5 Nd4 8. Nxd4 exd4 9. Qc2 d6 10. Qc4 Bc5 11. b4 Bb6 12. Bb2 Qf6 13. O-O Bf5 14.
e4 Bd7 15. d3 a5 16. a3 axb4 17. axb4 Rxa1 18. Rxa1 h5 19. h4 Re8 20. Bc1 Bg4 21.
Bg5 Qg6 22. Qb5 f6 23. Bf4 Qf7 24. Ra3 Qd7 25. Qc4 Bh3 26. Qa2 Bxg2 27. Kxg2 Qc8 28. Qe2 Qg4 29. Qd2 Qd7 30. Ra1 Kh7 31. Kh2 Qg4 32. Kg2 Qd7 33. Qe2 Qg4 34. f3 Qg6 35.
g4 f5 36. Re1 fxg4 37. fxg4 hxg4 38. h5 Qf7 39. Qxg4 Rf8 40. Rf1 c6 41. dxc6 bxc6 42.
Rf2 Kh8 43. Bg3 Qe7 44. Rxf8+ Qxf8 45. Qd7 Qg8 46. Qxc6 Qa2+ 47. Bf2 Qe6 48. Qxb6 Qg4+ 49. Bg3 Qe2+ 50. Bf2 Qg4+ 51. Bg3 Qe2+ 52. Bf2 Qg4+ 53. Kh2 Qxh5+ 54. Kg3 Qg5+ 55. Kf3 Qh5+ 56. Kg3 Qg5+ 57. Kh3 Qh5+ 58. Bh4 Qf3+ 59. Bg3 Qh5+ 60. Kg2 Qe2+ 61. Kg1 Qd1+ 62. Kh2 Qe2+ 63. Kg1 Qd1+ 64. Kf2 Qc2+ 65. Ke1 Qc1+ 66. Kf2 Qd2+ 67. Kf3 Qxd3+ 68. Kf4 Qe3+ 69. Kg4 Qxe4+ 70. Bf4 Qg6+ 71. Kf3 Qd3+ 72. Kf2 Qc2+ 73. Kg3 Qd3+ 74. Kh4 Qh7+ 75. Kg5 Qh6+ 76. Kg4 Qg6+ 77. Kf3 Qd3+ 78. Kg4 1/2-1/2

[Event "*** Titled Tuesday 3|2 Blitz"]
[Site "Chess.com"]
[Date "2016.07.05"]
[Round "3"]
[White "cabalista"]
[Black "vovkcoach"]
[Result "1/2-1/2"]
[WhiteElo "2415"]
[BlackElo "2508"]
[TimeControl "180+2"]
[EndTime "11:37:24 PDT"]
[Termination "Game drawn by repetition"]

1. e4 c6 2. d4 d5 3. Nd2 dxe4 4. Nxe4 Nd7 5. Ng5 Ngf6 6. Bd3 e6 7. Qe2 Bd6 8. N1f3 h6 9. Ne4 Nxe4 10. Qxe4 Nf6 11.
Qe2 b6 12. Bd2 Bb7 13. O-O-O Qc7 14. Kb1 O-O-O 15. c4 c5 16. Bc3 Rhe8 17. h4 a6 18.
Ne5 cxd4 19. Bxd4 Bc5 20. Bxc5 bxc5 21. f3 Rd4 22. Bc2 Red8 23. Rxd4 Rxd4 24. Rd1 Rxd1+ 25.
Bxd1 Be4+ 26. Nd3 Bh7 27. Bc2 Qh2 28. a3 Nd7 29. Ka2 Qxh4 30. Nxc5 Nxc5 31. Bxh7 g6 32. g4 Qe7 33. Qe3 Qf8 34. f4 Nd7 35. f5 exf5 36. gxf5 g5 37. f6 Qd8 38. Bf5 Kb7 39. Qd4 Kc7 40. Qa7+ Kd6 41. Qxa6+ Ke5 42. Qb5+ Kxf6 43. Qxd7 Qb6 44. Bc2 Qf2 45. Qd6+ Kg7 46. Qd3 Kf8 47. c5 g4 48. c6 Qc5 49. Qd8+ Kg7 50.
Qd7 Qxc2 51. c7 Qc4+ 52. Kb1 Qf1+ 53. Kc2 Qc4+ 54. Kd2 Qf4+ 55. Kc3 Qe3+ 56. Kb4 Qb6+ 57. Kc4 Qa6+ 58. Kc5 Qa5+ 59. Kd6 Qd2+ 60. Ke7 Qg5+ 61. Ke8 Qe5+ 62. Kd8 Qf6+ 63. Qe7 Qd4+ 64. Ke8 Qa4+ 65.
Kd8 Qd4+ 66. Qd7 Qf6+ 67. Kc8 Qa6+ 68. Kd8 Qf6+ 69. Qe7 Qd4+ 1/2-1/2

[Event "*** Titled Tuesday 3|2 Blitz"]
[Site "Chess.com"]
[Date "2016.07.05"]
[Round "3"]
[White "Cayse"]
[Black "Hikaru"]
[Result "1/2-1/2"]
[WhiteElo "2565"]
[BlackElo "2995"]
[TimeControl "180+2"]
[EndTime "11:39:09 PDT"]
[Termination "Game drawn - insufficient material"]

1. e4 e5 2. Nf3 Nc6 3. Nc3 Nf6 4. d4 exd4 5. Nxd4 Bb4 6. Nxc6 bxc6 7. Bd3 O-O 8. O-O d5 9. exd5 cxd5 10. h3 c6 11. Qf3 Rb8 12. Bf4 Bd6 13. b3 Rb4 14. Bxd6 Qxd6 15. Rfe1 Be6 16. Rad1 Rf4 17. Qg3 Qb8 18.
a3 Nd7 19. Ne2 Rf6 20. Qe3 c5 21. Ng3 g6 22. Be2 Qf4 23. Bb5 Qxe3 24. Rxe3 Nb6 25. c3 h5 26. a4 Rb8 27. Nf1 Nc8 28.
Nd2 Nd6 29. Be2 d4 30. cxd4 cxd4 31. Rd3 Rb4 32. Rc1 Bf5 33. Rf3 Re6 34. Bd3 h4 35.
Kf1 Kg7 36. Rc5 Re7 37. Rc6 Rd7 38. Bxf5 Nxf5 39. Rd3 Ne7 40. Rc4 Rxc4 41. bxc4 Nc6 42. Nf3 f6 43. Nxh4 Ne5 44. Rd1 Nxc4 45. Ke2 Re7+ 46. Kf1 Rd7 47. Ke2 Nb2 48. Rc1 Nxa4 49. Kd3 Nc3 50. Nf3 a5 51. Ra1 Nd5 52. Rxa5 Nf4+ 53.
Ke4 Nxg2 54. Nxd4 Re7+ 55. Kf3 Ne1+ 56. Kg3 Rd7 57. Ne6+ Kf7 58. Nc5 Rd5 59. Ra7+ Ke8 60. Ne6 Re5 61. Ng7+ Kf8 62. f4 Re4 63. f5 gxf5 64. Nxf5 Nd3 65. Rf7+ Kxf7 66. Nd6+ Kg6 67. Nxe4 f5 68. Nf2 f4+ 69. Kf3 Ne5+ 70. Kxf4 Nf7 71. Kg3 Ng5 72. h4 Nf7 73. Nd3 Nd6 74. Kg4 Kf6 75.
h5 Nf7 76. Kf4 Nh6 77. Nf2 Kg7 78. Ne4 Nf7 79. Kf5 Nh6+ 80. Kf4 Nf7 81. Ng3 Kh7 82.
Nf5 Nd8 83. Kg5 Ne6+ 84. Kf6 Nf4 85. h6 Nh3 86. Ke5 Ng5 87. Kf4 Nf7 88. Kg4 Kg6 89.
Kf4 Kh7 90. Ne3 Kg6 91. Ng4 Nd6 92. Ne5+ Kh7 93. Kg5 Ne4+ 94. Kh5 Nf6+ 95. Kg5 Ne4+ 96. Kf5 Nf6 97. Kxf6 Kxh6 1/2-1/2

[Event "*** Titled Tuesday 3|2 Blitz"]
[Site "Chess.com"]
[Date "2016.07.05"]
[Round "3"]
[White "Sanan_Sjugirov"]
[Black "Alexander_Donchenko"]
[Result "1-0"]
[WhiteElo "2670"]
[BlackElo "2590"]
[TimeControl "180+2"]
[EndTime "11:39:30 PDT"]
[Termination "Sanan_Sjugirov won by resignation"]

1. d4 Nf6 2. Nf3 e6 3. Bg5 c5 4. e3 Be7 5. Nbd2 O-O 6. c3 cxd4 7. exd4 b6 8. Bd3 Ba6 9. Bxa6 Nxa6 10. Qe2 Nb8 11.
a4 Nc6 12. O-O h6 13. Bh4 d5 14. Nb3 Ne4 15. Bxe7 Qxe7 16. a5 Rab8 17. axb6 Rxb6 18. Nc1 a5 19. Nd3 Rfb8 20. Ra2 Qc7 21. Nd2 Nd6 22. g3 Rb5 23. Rfa1 Qd8 24. h4 Qb6 25. Kg2 Qd8 26.
Qf3 Qb6 27. Qf4 Qd8 28. Ra4 Ne7 29. R1a2 Nec8 30. Ne5 Ne7 31. Nd3 Nec8 32. Nf3 Nc4 33. Nfe5 Nxe5 34. Nxe5 Qc7 35. Nd3 Qxf4 36. gxf4 Nb6 37.
Rxa5 Rxa5 38. Rxa5 Nc4 39. Ra2 Rb3 40. Kf3 Kh7 41.
h5 g6 42. hxg6+ Kxg6 43. Kg4 h5+ 44. Kh4 Kh6 45. f5 exf5 46. Ra6+ Kg7 47. Ra2 Kh6 48. f3 f6 49. Ra6 Kg7 50. Kxh5 Nxb2 51. Ra7+ Kf8 52.
Nxb2 Rxb2 53. Kg6 Rb6 54. Rf7+ Ke8 55. Rxf6 Rb3 56. Rc6 Kd7 57. Rc5 Ke6 58. Kg5 Ra3 59. Kf4 Rb3 60. Rc6+ Kd7 61. Rc5 Ke6 62. Kg5 Ra3 63. f4 Rb3 64. Kg6 Ra3 65. Rc6+ Kd7 66. Rb6 Rxc3 67. Kxf5 Re3 68. Rb5 Kd6 69. Rb6+ Kd7 70.
Kg5 Rd3 71. Rb4 Ke7 72. f5 Rg3+ 73. Kf4 Rg1 74. Ke5 Rf1 75. Rb7+ Kd8 76. f6 Ke8 77.
Ke6 Re1+ 78. Kxd5 Kf8 79. Kc5 Rc1+ 80. Kd6 Ra1 81. d5 Rc1 82. Re7 Ra1 83. Re6 Kf7 84.
Ke5 Re1+ 85. Kd6 Ra1 86. Kc5 Rc1+ 87. Kb6 Rc2 88. Rd6 Rc1 89. Rc6 Rd1 90. d6 Kxf6 91. Kc7 Ke6 92. Rc2 Kf7 93. d7 Ke7 94. Re2+ Kf7 95. d8=Q 1-0

[Event "*** Titled Tuesday 3|2 Blitz"]
[Site "Chess.com"]
[Date "2016.07.05"]
[Round "4"]
[White "mortalbovine"]
[Black "rithwik2002"]
[Result "0-1"]
[WhiteElo "1675"]
[BlackElo "1904"]
[TimeControl "180+2"]
[EndTime "11:43:07 PDT"]
[Termination "rithwik2002 won by resignation"]

1. d4 Nf6 2. c4 g6 3. Nc3 Bg7 4. e4 d6 5. f4 O-O 6. Nf3 c5 7. d5 b5 8. b3 Nxe4 9. Nxe4 Bxa1 10. f5 Bxf5 11. Ng3 Bc3+ 12. Bd2 Bxd2+ 13. Qxd2 Bg4 14. Qf4 Bxf3 15. Qxf3 Qa5+ 16. Kd1 Qxa2 17. Ne4 bxc4 18.
bxc4 Nd7 19. Ng5 Rab8 20. Bd3 Rb1+ 21. Bxb1 Qxb1+ 22. Ke2 Qxh1 23. Qh3 Nf6 24. Qg3 Qc1 25. Nf3 Qxc4+ 0-1

[Event "*** Titled Tuesday 3|2 Blitz"]
[Site "Chess.com"]
[Date "2016.07.05"]
[Round "4"]
[White "pedromartinez91"]
[Black "Aragon"]
[Result "1-0"]
[WhiteElo "2282"]
[BlackElo "2085"]
[TimeControl "180+2"]
[EndTime "11:43:16 PDT"]
[Termination "pedromartinez91 won by resignation"]

1. e4 e6 2. d4 d5 3. Nd2 dxe4 4. Nxe4 Bd7 5. Nf3 Bc6 6. Bd3 Nd7 7. O-O Ngf6 8. Qe2 Be7 9. Bg5 Nxe4 10. Bxe7 Nc3 11.
bxc3 Qxe7 12. c4 Bxf3 13. Qxf3 c6 14. Rfe1 Nf6 15. d5 cxd5 16. cxd5 Nxd5 17. Be4 O-O-O 18. Bxd5 1-0

[Event "*** Titled Tuesday 3|2 Blitz"]
[Site "Chess.com"]
[Date "2016.07.05"]
[Round "4"]
[White "Abrito99"]
[Black "BellJackson95"]
[Result "1-0"]
[WhiteElo "2337"]
[BlackElo "2186"]
[TimeControl "180+2"]
[EndTime "11:43:45 PDT"]
[Termination "Abrito99 won by resignation"]

1. e4 e5 2. Nf3 Nc6 3. Bc4 Nf6 4. d3 Bc5 5. O-O O-O 6. c3 d6 7. Bb3 a6 8. h3 Ba7 9. Re1 Ne7 10. Nbd2 Ng6 11. Nf1 c6 12. Ng3 Re8 13. d4 exd4 14. cxd4 Be6 15. Bc2 d5 16. e5 Nd7 17. Ng5 h6 18. Nxe6 Rxe6 19. Qg4 c5 20. Bf5 Rc6 21.
Bxd7 h5 22. Nxh5 1-0

[Event "*** Titled Tuesday 3|2 Blitz"]
[Site "Chess.com"]
[Date "2016.07.05"]
[Round "4"]
[White "FLchessplayer"]
[Black "RamonManon0g"]
[Result "0-1"]
[WhiteElo "2055"]
[BlackElo "2234"]
[TimeControl "180+2"]
[EndTime "11:43:59 PDT"]
[Termination "RamonManon0g won by resignation"]

1. e4 c5 2. Nf3 d6 3. c3 g6 4. Bd3 Bg7 5. O-O Nc6 6. h3 Nf6 7.
Re1 O-O 8. Bf1 e5 9. d3 h6 10. a4 Be6 11. Na3 a6 12. Nc2 Rb8 13. Ne3 b5 14. axb5 axb5 15. Ra6 Qc8 16. Ra2 Qc7 17. Ra1 b4 18. Bd2 bxc3 19. bxc3 Rb2 20. Qc1 Rfb8 21. Nh2 c4 22. dxc4 Nxe4 23. Rd1 Na5 24. Be1 Nxc4 25.
Nxc4 Bxc4 26. Bxc4 Qxc4 27. Ng4 Qe2 28. Nxh6+ Bxh6 29.
Qxh6 Nxf2 30. Rxd6 Qc2 31. Qh4 Ne4 32. Rd8+ Rxd8 33.
Qxd8+ Kg7 0-1

[Event "*** Titled Tuesday 3|2 Blitz"]
[Site "Chess.com"]
[Date "2016.07.05"]
[Round "4"]
[White "rikyshi"]
[Black "ajkom197"]
[Result "1/2-1/2"]
[WhiteElo "2126"]
[BlackElo "2240"]
[TimeControl "180+2"]
[EndTime "11:44:35 PDT"]
[Termination "Game drawn by agreement"]

1. e4 e6 2. d4 d5 3. Nc3 Nf6 4. Bg5 Be7 5. e5 Nfd7 6. h4 h6 7. Bxe7 Qxe7 8. Qg4 O-O 9. O-O-O c5 10. f4 Nc6 11.
Nf3 cxd4 12. Nb5 f5 13. Qg6 Qf7 14. Qxf7+ Kxf7 15. Nfxd4 Nc5 16. Nd6+ Ke7 17. Rh3 Ne4 18. Rb3 Nxd6 19. exd6+ Kxd6 20. Nb5+ Ke7 21. c4 Na5 22. Rb4 Nxc4 23. Bxc4 dxc4 24. Nc7 Rb8 25. Na6 Ra8 26.
Nc7 1/2-1/2

[Event "*** Titled Tuesday 3|2 Blitz"]
[Site "Chess.com"]
[Date "2016.07.05"]
[Round "4"]
[White "Keaton87"]
[Black "EltajSafarli"]
[Result "0-1"]
[WhiteElo "2500"]
[BlackElo "2744"]
[TimeControl "180+2"]
[EndTime "11:44:45 PDT"]
[Termination "EltajSafarli won by resignation"]

1. d4 Nf6 2. Bg5 Ne4 3. Bf4 c5 4. f3 Nf6 5. dxc5 e5 6. Bxe5 Bxc5 7. Bd4 Qb6 8. Bxc5 Qxc5 9. Nc3 O-O 10. e4 d5 11.
Nxd5 Nxd5 12. Qxd5 Qb4+ 13. Qd2 Qxb2 14. Rd1 Nc6 15.
Bc4 Be6 16. Bxe6 fxe6 17. c3 Qa3 18. Ne2 Rad8 19. Qc2 Rxd1+ 20. Qxd1 Qxa2 21. O-O Rd8 22. Nd4 Nxd4 23. cxd4 Qc4 24. d5 exd5 25. e5 d4 26. Re1 d3 27. Qd2 Qc2 28. Qg5 Rf8 0-1

[Event "*** Titled Tuesday 3|2 Blitz"]
[Site "Chess.com"]
[Date "2016.07.05"]
[Round "4"]
[White "hypert"]
[Black "PowerThinking2650"]
[Result "0-1"]
[WhiteElo "2285"]
[BlackElo "2143"]
[TimeControl "180+2"]
[EndTime "11:44:53 PDT"]
[Termination "PowerThinking2650 won by resignation"]

1. e4 e5 2. Nf3 Nc6 3. Bb5 a6 4. Ba4 Nf6 5. O-O Be7 6. d3 b5 7. Bb3 d6 8. a4 Bg4 9. c3 O-O 10. h3 Bd7 11. Nbd2 Na5 12. Bc2 c5 13. Re1 Qc7 14.
Nf1 b4 15. Ng3 bxc3 16. bxc3 Rab8 17. Nf5 Bxf5 18. exf5 Nc6 19. Bg5 d5 20. Qd2 Rb2 21.
Rab1 Rfb8 22. Qc1 Rxb1 23. Bxb1 h6 24. Bh4 Nh5 25. Bxe7 Qxe7 26. Nxe5 Nxe5 27. d4 cxd4 28. cxd4 Nf3+ 29. gxf3 Qh4 30. Qc7 Rb2 31. f6 Qxf2+ 0-1

[Event "*** Titled Tuesday 3|2 Blitz"]
[Site "Chess.com"]
[Date "2016.07.05"]
[Round "4"]
[White "David_Klein"]
[Black "Masterbeaterr"]
[Result "1-0"]
[WhiteElo "2410"]
[BlackElo "2284"]
[TimeControl "180+2"]
[EndTime "11:45:15 PDT"]
[Termination "David_Klein won by checkmate"]

1. e4 e5 2. Nf3 Nc6 3. Bb5 a6 4.
Ba4 Nf6 5. d3 d6 6. c3 g6 7. Nbd2 Bg7 8. Nf1 O-O 9. Bg5 h6 10.
Bh4 g5 11. Bg3 Ne7 12. Ne3 Ng6 13.
h4 g4 14. h5 Nf4 15. Nh4 N4xh5 16. Nhf5 Nxg3 17. fxg3 h5 18. Qd2 d5 19. exd5 Bxf5 20. Nxf5 Nxd5 21. Rxh5 f6 22. Bb3 c6 23. O-O-O Kf7 24.
Rh7 Rg8 25. Qh6 Qf8 26. Qh5+ Ke6 27. Kb1 Rd8 28. Qxg4 Bh8 29. Bxd5+ cxd5 30. Nd4+ Kd6 31. Qe6+ Kc5 32. Nb3+ Kb5 33. Rxb7+ Ka4 34. Qxa6# 1-0

[Event "*** Titled Tuesday 3|2 Blitz"]
[Site "Chess.com"]
[Date "2016.07.05"]
[Round "4"]
[White "Frolyanov_D"]
[Black "Sanan_Sjugirov"]
[Result "1-0"]
[WhiteElo "2467"]
[BlackElo "2658"]
[TimeControl "180+2"]
[EndTime "11:45:24 PDT"]
[Termination "Frolyanov_D won by resignation"]

1. e4 e5 2. Nf3 Nc6 3. Bb5 a6 4. Ba4 Nf6 5. O-O Be7 6. Re1 b5 7. Bb3 d6 8. c3 O-O 9. h3 Na5 10. Bc2 c5 11. d4 Qc7 12. Nbd2 cxd4 13. cxd4 Nc6 14. Nf1 Nxd4 15. Nxd4 exd4 16. Bg5 Bb7 17. Rc1 Qb6 18. Ng3 Rfe8 19. Nf5 Bd8 20. Qf3 Rc8 21. Qg3 Nh5 22. Qg4 Bxg5 23. Qxg5 g6 24. Ne7+ Rxe7 25.
Qxe7 Nf4 26. Bb3 Ne2+ 27. Kh1 1-0

[Event "*** Titled Tuesday 3|2 Blitz"]
[Site "Chess.com"]
[Date "2016.07.05"]
[Round "4"]
[White "Journey_to_GrandMaster_YT"]
[Black "OparinGrigoriy"]
[Result "0-1"]
[WhiteElo "2433"]
[BlackElo "2649"]
[TimeControl "180+2"]
[EndTime "11:45:41 PDT"]
[Termination "OparinGrigoriy won by resignation"]

1. d4 Nf6 2. Nf3 d5 3. e3 e6 4. Bd3 b6 5. Nbd2 Bb7 6. b3 Bd6 7. Bb2 O-O 8. O-O c5 9. c4 Nbd7 10. Rc1 Qe7 11. Qe2 Ne4 12. Ne5 Nxd2 13. Qxd2 Nxe5 14. dxe5 Bc7 15. f4 Rad8 16. Qe2 dxc4 17. Bxc4 Be4 18. Rfd1 h6 19. Bd3 Bxd3 20. Rxd3 Rxd3 21.
Qxd3 Rd8 22. Qe2 Qd7 23. Kf2 Qd5 24. Ke1 Qc6 25. Rd1 Rxd1+ 26. Kxd1 Qe4 27. Bc1 g5 28. Qc2 Qd5+ 29. Qd2 Qc6 30. Ke1 b5 31. Kf1 c4 32.
bxc4 Qxc4+ 33. Kf2 Ba5 34. Qe2 Qxc1 35. fxg5 hxg5 36. Qg4 Qe1+ 37. Kf3 Qd1+ 38. Kg3 Qxg4+ 39. Kxg4 Bd8 40. Kf3 a5 41. Ke4 Bb6 42. Kd3 Kg7 43. e4 Kg6 44. g4 Kg7 45. h3 Kf8 46. Kc3 Ke7 47. a3 Kd7 48. Kb3 Kc6 49. Kc3 Bc5 50. Kb3 Bd4 51. a4 Bxe5 52. axb5+ Kxb5 53. Ka3 a4 54. Ka2 Bd6 55. Kb2 Kc4 56. Kc2 Kd4 0-1

[Event "*** Titled Tuesday 3|2 Blitz"]
[Site "Chess.com"]
[Date "2016.07.05"]
[Round "4"]
[White "Er_is_geen_hoop_meer"]
[Black "GeorgMeier"]
[Result "0-1"]
[WhiteElo "2325"]
[BlackElo "2685"]
[TimeControl "180+2"]
[EndTime "11:45:41 PDT"]
[Termination "GeorgMeier won by checkmate"]

1. b4 d5 2. Bb2 Nf6 3. e3 g6 4.
f4 Bg7 5. Nf3 O-O 6. c4 Na6 7.
b5 Nc5 8. Nc3 dxc4 9. Bxc4 Nd3+ 10. Bxd3 Qxd3 11. Qe2 Qxe2+ 12. Kxe2 a6 13. bxa6 b6 14.
Rac1 Bxa6+ 15. d3 Rfd8 16. Rhd1 c5 17. Ne5 Rac8 18. Na4 Nd5 19. a3 f6 20. Nf3 c4 21. dxc4 Rxc4 22. Rxc4 Bxc4+ 23. Kf2 Bb3 24. Rd4 Rc8 25. Ne1 e6 26. Nxb6 Rb8 27. Nd7 Rb5 28.
Nd3 Kf7 29. N7c5 f5 30. Ne5+ Bxe5 31. fxe5 Rxc5 32. Kf3 Rc2 33. Ba1 Bc4 34. a4 g5 35.
a5 h5 36. a6 Bxa6 37. e4 Be2+ 38. Kg3 f4+ 39. Kf2 Bb5+ 40. Ke1 Ne3 41. Rd2 Rc1+ 42. Kf2 Rf1# 0-1

[Event "*** Titled Tuesday 3|2 Blitz"]
[Site "Chess.com"]
[Date "2016.07.05"]
[Round "4"]
[White "jeaston1"]
[Black "saraswathii"]
[Result "0-1"]
[WhiteElo "2148"]
[BlackElo "2019"]
[TimeControl "180+2"]
[EndTime "11:45:46 PDT"]
[Termination "saraswathii won by resignation"]

1. d4 Nc6 2. c4 e5 3. d5 Nce7 4.
Nc3 Ng6 5. Nf3 Bc5 6. a3 a5 7.
Ne4 Ba7 8. d6 Nf6 9. Nxf6+ Qxf6 10. Bg5 Qxd6 11. Qxd6 cxd6 12. Rd1 Bc5 13. g3 a4 14. Bg2 h6 15. Be3 Bxe3 16. fxe3 Ke7 17.
Nd2 f5 18. e4 f4 19. O-O b6 20.
Nb1 Ba6 21. Nc3 Bxc4 22. Rf2 Rab8 23. gxf4 Nxf4 24. e3 Nxg2 25. Rxg2 g5 26. Nxa4 Bb3 0-1